Cogmind - Beta 13 @@@ ROGUE MODE // 2024.03.19 @ 05:07:08 Player: Carpathian Result: Self-destructed Performance ------------- Evolutions (2) 1000 Regions Visited (3) 600 Robots Destroyed (25) 125 Value Destroyed (712) 712 Prototype IDs (0) 0 Alien Tech Used (0) 0 Bonus (0) 0 TOTAL SCORE: 2437 Bonus ------- None Cogmind --------- Core Integrity 457/550 Matter 167/300 Energy 52/250 System Corruption 0% Temperature Warm (144) Movement Treading (145) Location -8/Materials Parts ------- > --- POWER (2) -------- Ion Engine > --- PROPULSION (2) --- Advanced Treads Advanced Treads > --- UTILITY (5) ------ Large Storage Unit Improved Weapon Shielding > --- WEAPON (2) ------- EM Pulse Cannon EM Pulse Cannon > --- INVENTORY (15) --- Deuterium Engine Light Deuterium Engine Advanced Treads Titanium Leg Titanium Leg Cryofiber Web Beam Rifle Minigun Minigun Peak State ------------ > --- POWER ------------ Ion Engine Deuterium Engine > --- PROPULSION ------- Advanced Treads Advanced Treads > --- UTILITY ---------- Large Storage Unit Compact Battery Improved Sensor Array Improved Weapon Shielding > --- WEAPON ----------- Minigun Minigun > --- INVENTORY -------- Deuterium Engine Advanced Treads Advanced Treads Titanium Leg Titanium Leg Shield Generator Beam Rifle EM Pulse Cannon EM Pulse Cannon [Rating: 28] Favorites ----------- Power Light Ion Engine Engine Light Ion Engine Propulsion Advanced Treads Treads Advanced Treads Leg Aluminum Leg Utility Small Storage Unit Device Improved Sensor Array Storage Small Storage Unit Protection Improved Weapon Shielding Weapon Minigun Energy Gun Small Laser Energy Cannon EM Pulse Cannon Ballistic Gun Minigun Build | -11 -10 -9 -8 ------- Run | Yrd Mat Mat Mat Slots Evolved 4 | . . 2 2 Power 1 | . . . 1 Propulsion . | . . . . Utility 3 | . . 2 1 Weapon . | . . . . Parts Attached 26 | 6 2 8 10 Power 4 | 1 . 2 1 Engine 4 | 1 . 2 1 Core . | . . . . Reactor . | . . . . Propulsion 5 | 2 . 2 1 Treads 3 | . . 2 1 Leg 2 | 2 . . . Wheel . | . . . . Hover . | . . . . Flight . | . . . . Utility 8 | 1 1 2 4 Device 3 | . 1 . 2 Storage 4 | 1 . 2 1 Processor . | . . . . Hackware . | . . . . Protection 1 | . . . 1 Artifact . | . . . . Weapon 9 | 2 1 2 4 Energy Gun 2 | 1 . . 1 Energy Cannon 2 | . . . 2 Ballistic Gun 5 | 1 1 2 1 Ballistic Cannon . | . . . . Launcher . | . . . . Special Weapon . | . . . . Impact Weapon . | . . . . Slashing Weapon . | . . . . Piercing Weapon . | . . . . Special Melee Weapon . | . . . . Unidentified Prototypes . | . . . . Parts Lost 3 | . . . 3 Power 1 | . . . 1 Propulsion . | . . . . Utility 2 | . . . 2 Weapon . | . . . . Highest Loss Streak 1 | . . . 1 To Critical Strikes . | . . . . Average Slot Usage (%) 76 | . 87 64 79 Engine 13 | . 14 11 14 Treads 13 | . . 21 17 Leg 8 | . 28 . . Device 4 | . 2 . 10 Storage 11 | . 14 11 10 Protection 3 | . . . 9 Energy Gun 2 | . 6 . . Ballistic Gun 19 | . 21 20 15 Naked Turns . | . . . . Heaviest Build 45 | 10 11 31 45 Greatest Support 44 | 20 20 44 44 Greatest Overweight (x) 1 | . . . 1 Average Overweight (x) . | . . . . Largest Inventory Capacity 15 | 8 8 15 15 Average Capacity 10 | 6 8 9 15 Most Carried 11 | 2 3 11 10 Average Carried 5 | . 1 5 8 Final Capacity 15 | 8 8 15 15 Final Carried 11 | . 2 11 9 Class Distribution -------------------- 100% | Mutant Dominant Class ---------------- Mutant | -10/Materials Mutant | -9/Materials Mutant | -8/Materials Resources | -11 -10 -9 -8 ----------- Run | Yrd Mat Mat Mat Matter Collected 802 | 181 132 263 226 Remotely . | . . . . Salvage Created 970 | . 132 395 443 Parts 56 | . 11 27 18 Haulers Intercepted 2 | . . 1 1 Recyclers Shooed . | . . . . Parts Field Recycled . | . . . . Retrieved Matter . | . . . . Parts Self-Destructed . | . . . . Prevented . | . . . . Kills | -11 -10 -9 -8 ------- Run | Yrd Mat Mat Mat Combat Hostiles Destroyed 22 | . 5 9 8 Guns 19 | . 5 9 5 Cannons 3 | . . . 3 Classes Destroyed 5 | . 2 3 . Builder 1 | . . 1 . Hauler 2 | . . 1 1 Swarmer 7 | . 3 3 1 Grunt 13 | . 2 5 6 Sentry 2 | . . 1 1 Best Kill Streak 9 | . 3 9 2 Combat Bots Only 7 | . 3 7 2 Max Kills in Single Turn 2 | . 1 2 1 Gunslinging 1 | . . 1 . Exploded . | . . . . Melee . | . . . . Uniques/NPCs Destroyed . | . . . . Combat | -11 -10 -9 -8 -------- Run | Yrd Mat Mat Mat Hostile Shots Fired 134 | . 45 25 64 Missed 37 | . 15 6 16 Damage Taken 1198 | . 284 239 675 Core 147 | . 37 17 93 Absorbed by Shields 8 | . . . 8 Redirected to Shielding 71 | . . . 71 Core Remaining (%) 93 | 100 85 95 . Volleys Fired 92 | . 25 24 43 Largest 2 | . 2 2 2 Hottest 126 | . 60 50 126 Shots Fired 184 | . 50 48 86 Gun 176 | . 50 48 78 Cannon 8 | . . . 8 Launcher . | . . . . Special . | . . . . Kinetic 148 | . 34 48 66 Thermal 28 | . 16 . 12 Explosive . | . . . . Electromagnetic 8 | . . . 8 Robot Hit Streak 13 | . 11 6 13 Robot Miss Streak 4 | . 3 3 4 Penetration Max . | . . . . Secondary Targets 3 | . 1 1 1 Max Gunslinging Chain 1 | . 1 1 1 Shots Hit Robots 126 | . 34 29 63 Core Hits 38 | . 8 13 17 Critical Kills . | . . . . Critical Parts Destroyed . | . . . . Critical Strikes . | . . . . Melee Attacks . | . . . . Impact . | . . . . Slashing . | . . . . Piercing . | . . . . Sneak Attacks . | . . . . Combat Hostiles . | . . . . Follow-up Attacks . | . . . . Damage Inflicted 1992 | . 321 552 1119 Guns 1848 | . 321 552 975 Cannons 144 | . . . 144 Explosions . | . . . . Melee . | . . . . Ramming . | . . . . Kinetic 1573 | . 176 552 845 Thermal 275 | . 145 . 130 Explosive . | . . . . Electromagnetic 144 | . . . 144 Impact . | . . . . Slashing . | . . . . Piercing . | . . . . Highest Corruption 1 | . . 1 . Average Corruption 1 | . . 1 . Corruption Purged . | . . . . Corruption Blocked . | . . . . Overload Shots . | . . . . Overflow Damage 29 | . . . 29 Projectiles 29 | . . . 29 Explosions . | . . . . Melee . | . . . . Knockbacks . | . . . . Impact . | . . . . Kinetic . | . . . . Secondary . | . . . . Self-Inflicted Damage . | . . . . Shots . | . . . . Rammed . | . . . . Targets Rammed . | . . . . Kicked . | . . . . Crushed . | . . . . Highest Temperature 417 | . 58 17 417 Average Temperature 86 | . 18 6 152 Received Heat Transfer 531 | . 90 78 363 Effects 3 | . . . 3 Shutdowns 1 | . . . 1 Short Circuit 1 | . . . 1 Damage (minor) 1 | . . . 1 Siege Activations . | . . . . Robots Corrupted . | . . . . Combat Hostiles . | . . . . Parts Fried . | . . . . Impact Corruptions . | . . . . Robots Melted . | . . . . Combat Hostiles . | . . . . Parts Melted . | . . . . Heat Transferred 658 | . 325 . 333 Parts Sabotaged . | . . . . Parts Stolen . | . . . . Parts Stripped . | . . . . Power Chain Reactions . | . . . . Alert | -11 -10 -9 -8 ------- Run | Yrd Mat Mat Mat Peak Influence 352 | . 140 352 345 Initial 148 | . . 59 148 Average 156 | . 84 195 218 Maximum Alert Level 1 | . . 1 1 Low Security (%) 68 | 100 100 51 50 Level 1 31 | . . 48 49 Level 2 . | . . . . Level 3 . | . . . . Level 4 . | . . . . Level 5 . | . . . . High Security . | . . . . Max Security . | . . . . Squads Dispatched 3 | . . 1 2 Investigation . | . . . . Extermination . | . . . . Reinforcement 2 | . . 1 1 Assault . | . . . . Garrison 1 | . . . 1 Intercept . | . . . . Searches Triggered . | . . . . Construction Impeded . | . . . . Haulers Reinforced . | . . . . Active Scanning Responses . | . . . . Cargo Convoy Interrupts . | . . . . Stealth | -11 -10 -9 -8 --------- Run | Yrd Mat Mat Mat Distress Signals 5 | . . 3 2 Communications Jammed . | . . . . Distress Signals . | . . . . Times Spotted 38 | . 9 14 15 Peak Tracking Total 5 | . 5 4 4 Tactical Retreats . | . . . . Traps | -11 -10 -9 -8 ------- Run | Yrd Mat Mat Mat Traps Triggered 1 | . . 1 . Indirectly . | . . . . Trap Hack Attempts . | . . . . Triggered . | . . . . Disarmed . | . . . . Reprogrammed . | . . . . Reused . | . . . . Traps Extracted . | . . . . Installed . | . . . . Triggered . | . . . . Machines | -11 -10 -9 -8 ---------- Run | Yrd Mat Mat Mat Machines Disabled 1 | . . 1 . Max in Single Turn 1 | . . 1 . Machines Repaired . | . . . . Machines Dismantled . | . . . . Machines Sabotaged . | . . . . Overloaded Fab Kills . | . . . . Hacking | -11 -10 -9 -8 --------- Run | Yrd Mat Mat Mat Machines Accessed 2 | . 2 . . Terminals 2 | . 2 . . Fabricators . | . . . . Repair Stations . | . . . . Recycling Units . | . . . . Scanalyzers . | . . . . Garrison Access . | . . . . Total Hacks 3 | . 3 . . Successful 1 | . 1 . . Failed 2 | . 2 . . Catastrophic . | . . . . Database Lockouts . | . . . . Manual . | . . . . Terminals 3 | . 3 . . Fabricators . | . . . . Repair Stations . | . . . . Recycling Units . | . . . . Scanalyzers . | . . . . Garrison Access . | . . . . Terminal Hacks 1 | . 1 . . Zone Layout 1 | . 1 . . Fabricator Hacks . | . . . . Repair Station Hacks . | . . . . Recycling Unit Hacks . | . . . . Scanalyzer . | . . . . Garrison Access Hacks . | . . . . Unauthorized Hacks . | . . . . Terminals . | . . . . Fabricators . | . . . . Repair Stations . | . . . . Recycling Units . | . . . . Scanalyzers . | . . . . Garrison Access . | . . . . Data Cores Recovered . | . . . . Used . | . . . . Hacking Detections . | . . . . Full Trace Events . | . . . . Feedback Events . | . . . . Feedback Blocked . | . . . . Robot Schematics Acquired . | . . . . Robots Built . | . . . . Authchips . | . . . . Time . | . . . . Total Robot Build Rating . | . . . . Part Schematics Acquired . | . . . . Parts Built . | . . . . Authchips . | . . . . Time . | . . . . Total Part Build Rating . | . . . . Parts Repaired . | . . . . Time . | . . . . Parts Recycled . | . . . . Recycled Matter . | . . . . Retrieved Matter . | . . . . Retrieved Components . | . . . . Parts Scanalyzed . | . . . . Part Schematics Acquired . | . . . . Parts Damaged . | . . . . Bothacking | -11 -10 -9 -8 ------------ Run | Yrd Mat Mat Mat Used RIF Installer . | . . . . Robots Hacked . | . . . . Non-combat . | . . . . Combat . | . . . . Robot Hacks Applied . | . . . . Relay Couplers Released . | . . . . Fabnet Peak Effective % . | . . . . Robots Rewired . | . . . . Allies Hacked . | . . . . Hacks Repelled . | . . . . Allies | -11 -10 -9 -8 -------- Run | Yrd Mat Mat Mat Total Allies . | . . . . Largest Group . | . . . . Highest-Rated Group . | . . . . Highest-Rated Ally . | . . . . Total Orders . | . . . . Ally Attacks . | . . . . Total Damage . | . . . . Kills . | . . . . Allies Corrupted . | . . . . Allies Melted . | . . . . Intel | -11 -10 -9 -8 ------- Run | Yrd Mat Mat Mat Robot Analysis Total . | . . . . Derelict Logs Recovered . | . . . . Drone Launches . | . . . . Drone Recoveries . | . . . . Exploration | -11 -10 -9 -8 ------------- Run | Yrd Mat Mat Mat Turns Passed 1111 | 83 319 347 362 Spaces Moved 524 | 71 180 161 112 Core 19 | 19 . . . Treads 266 | . . 154 112 Legs 239 | 52 180 7 . Wheels . | . . . . Hover . | . . . . Flight . | . . . . Fastest Speed 50 | 50 120 120 145 Average Speed 132 | 101 120 143 155 Slowest Speed 225 | 120 120 145 225 Overloaded Moves . | . . . . Propulsion Burnouts . | . . . . Robots Hopped . | . . . . Cave-ins Triggered . | . . . . Exploration Rate (%) 17 | 6 33 16 16 Regions Visited 3 Branch Regions . Pre-discovered Areas . | . . . . Known Exits Taken . | . . . . Unknown Exits Taken 3 | 1 1 1 . Scrap Searched . | . . . . Spaces Dug . | . . . . Terrain Destroyed . | . . . . Melee . | . . . . Projectile . | . . . . AOE . | . . . . Terrain Rammed . | . . . . Walls Destroyed . | . . . . Machines Disabled . | . . . . Actions | -11 -10 -9 -8 --------- Run | Yrd Mat Mat Mat Total 787 | 82 240 240 225 Wait 103 | . 30 19 54 Move 521 | 70 179 160 112 Hop . | . . . . Pick Up 32 | 6 3 19 4 Fast Attach . | . . . . Attach 16 | 6 1 3 6 Detach . | . . . . Swap 10 | . 1 5 4 Drop 13 | . 1 10 2 Fire 92 | . 25 24 43 Melee . | . . . . Ram . | . . . . Kick . | . . . . Crush . | . . . . Escape Stasis . | . . . . Rewire . | . . . . Trap . | . . . . Miscellaneous . | . . . . Route ------- -11/Scrapyard -10/Materials -9/Materials -8/Materials History --------- Turn | Location | Event 4 | -11/Scrapyard | Discovered new exit (range 15) 84 | -11/Scrapyard | Entered Materials 307 | -10/Materials | Build established: Mutant 397 | -10/Materials | Discovered new exit (range 6) 403 | -10/Materials | Entered another Materials area 403 | -9/Materials | Evolved 2 slots: Utility x2 612 | -9/Materials | Destroyed 7 combat bots 683 | -9/Materials | Discovered new exit (range 13) 750 | -9/Materials | Entered another Materials area 750 | -8/Materials | Evolved 2 slots: Power x1, Utility x1 1066 | -8/Materials | Garrison activated, responded to threat 1112 | -8/Materials | Self-destructed Last Messages --------------- 01011_ Acquired Lgt. Deuterium Engine. 01016_ K-01 Serf cleans the Atomic Centrifuge. 01021_ O-16 Technician: "IFF HANDSHAKE FAILED. SECURING TERMINAL." 01023_ K-01 Serf cleans the Atomic Centrifuge. 01040_ ALERT: Hostiles spotted, dispatching reinforcements to Terminal M007. 01055_ Purification Channel disabled. 01062_ Imp. Sensor Array destroyed. 01066_ G-47 Trooper calls for garrison reinforcements. 01066_ ALERT: Activating Garrison Access M001. 01073_ Destroyed Particle Gun. 01073_ G-47 Trooper destroyed. 01083_ Acquired 60 matter. 01084_ Acquired 48 matter. 01093_ K-01 Serf collects debris. 01106_ Destroyed Flight Unit. 01108_ Slug penetrates Wall. 01109_ S-10 Pest destroyed. 01109_ K-01 Serf collects debris. 01111_ Penetrated by Slug. Map ----- +----------------------------------------------------+ | " #???????????????????????????????????????? | | #???????????????????????????????????????? | | #??????????########?????????????????????? | | ############= #?????????????????????? | | ##### %!%!=%!!!=!+*! #?????????????????????? | | #????# ############=""" #?????????????????????? | | ?????##+##??????????# """ #?????????????????????? | | ????????????????????# """ #?????????????????????? | | ????????????????????# #?????????????????????? | | ????????????????????####+#############???????????? | | ????????????????????# ?????????? | | ????????????????????# ?????????? | | ????????????????????# !!/ u ?????????? | | ????????????????????# !// h#######+??????????? | | ????????????????????# !//u #?????????????????? | | ?????????############ #?????????????????? | | ????????# #?????????????????? | | ????????# #?????????????????? | | ????????+ #?????????????????? | | ????????# u#?????????????????? | | ????????# """ """ #?????????????????? | | ????????#! """""""""k #?????????????????? | | ????????# """" #?????????????????? | | ????????# r = #?????????????????? | | ????????# * k%[* #?????????????????? | | ????? !@ s #?????????????????? | | ????? ############### #?????????????????? | | ???????? ??????????????????? #?????????????????? | | ????????????????????????????? #?????????????????? | | ????????????????????????????? #?????????????????? | | ?????????????????????????????? +?????????????????? | | ?????????????????????????????? # ????????????????? | | ???????????????????????????????# ???????????????? | | ????????????????????????????????? ??????????????? | | ??????????????????????????????????#??????????????? | | ?????????????????????????????????????????????????? | | ?????????????????????????????????????????????????? | | ?????????????????????????????????????????????????? | | ?????????????????????????????????????????????????? | | ?????????????????????????????????????????????????? | | ?????????????????????????????????????????????????? | | ?????????????????????????????????????????????????? | | ?????????????????????????????????????????????????? | | ?????????????????????????????????????????????????? | | ?????????????????????????????????????????????????? | | ?????????????????????????????????????????????????? | | ?????????????????????????????????????????????????? | | ?????????????????????????????????????????????????? | | ?????????????????????????????????????????????????? | | ?????????????????????????????????????????????????? | +----------------------------------------------------+ Best States ------------- Heat Dissipation 31 Energy Generation 19 Energy Capacity 625 Matter Stores 300 Matter Capacity 300 Sight Range 16 Robot Scan Range 15 Terrain Scan Density 10 Weapon Shielding 66 Evasion (%) 55 Recoil Reduction 2 Item Schematics ----------------- None Robot Schematics ------------------ None Fabricated ------------ Nothing Alien Tech Used ----------------- None Achievements -------------- None Challenges ------------ None Game ------ Seed WavePowerReplicator Manual? 0 Play Time 00:10:49 Cumulative 16.3 hours Start 2024.03.19 @ 04:59:13 End 2024.03.19 @ 05:07:08 Sessions 1 Manual Loads 0 Difficulty Rogue Special Mode None Game No. 90 Rogue 90 Adventurer 0 Explorer 0 Win Type - Total 0 Types 0/0/0/0/0/0/0/0/0 Lore% 7 Gallery% 21 Achievement% 16 Wizard Run 0 Options --------- Layout 0 ASCII 0 Keyboard 0 Movement Arrows Keybinds 0 Fullscreen 2 Font 24/Cog Map View 76x50 Zoom Use 0% Tactical HUD 1 Map Filters NONE Filters NONE Steam 1 RUN: 539ba7bd-c1b1-4c01-a87c-38a5099a5408